 Dungeon Crawl Stone Soup version 0.25-a0-869-g05d4e06a41 (webtiles) character file.

Game seed: 4608641710545941973, levelgen mode: deterministic

134 Maedhros the Sneak (level 5, -9/49 HPs)
             Began as an Octopode Artificer on May 1, 2020.
             Mangled by an iguana (12 damage)
             ... on level 5 of the Dungeon.
             The game lasted 00:01:45 (945 turns).

Maedhros the Sneak (Octopode Artificer)              Turns: 945, Time: 00:01:46

Health: -9/49      AC:  1    Str: 12    XL:     5   Next: 17%
Magic:  7/7        EV: 13    Int: 13    God:
Gold:   35         SH:  0    Dex: 13    Spells: 4/4 levels left

rFire    . . .     SeeInvis .   e - +1 dagger (venom)
rCold    . . .     Gourm    .   (no shield)
rNeg     . . .     Faith    .   (helmet restricted)
rPois    .         Spirit   .   (no amulet)
rElec    .         Reflect  .   (no ring)
rCorr    .         Harm     .   (no ring)
MR       .....                  (no ring)
Stlth    ..........             (no ring)
HPRegen  0.16/turn              (no ring)
MPRegen  0.10/turn              (no ring)
                                (no ring)
                                (no ring)

@: berserking, very quick
A: almost no armour, stealthy swim, amphibious, 8 rings, constrict 8, camouflage
1, gelatinous body 1
a: no special abilities


You were on level 5 of the Dungeon.
You were not hungry.

You visited 1 branch of the dungeon, and saw 5 of its levels.

You collected 35 gold pieces.

Inventory:

Hand Weapons
 e - a +1 dagger of venom (weapon)
Wands
 b - a wand of flame (15)
 c - a wand of enslavement (12)
 d - a wand of random effects (15)
Scrolls
 h - 3 scrolls of remove curse {unknown}
 m - a scroll of teleportation {unknown}
 n - a scroll of immolation {unknown}
Potions
 a - 2 potions of flight {unknown}
 i - a potion of magic {unknown}
 j - a potion of heal wounds {unknown}
 k - a potion of stabbing {unknown}
 l - a potion of brilliance {unknown}
Comestibles
 f - 6 rations


   Skills:
 - Level 1.0 Fighting
 - Level 1.0 Short Blades
 - Level 2.0 Dodging
 - Level 4.0 Stealth
 + Level 3.8 Unarmed Combat
 - Level 3.2 Evocations


You had 4 spell levels left.
You didn't know any spells.
Your spell library was empty.

Dungeon Overview and Level Annotations

Branches:
Dungeon (5/15)
 Temple: D:4-7

Altars:
Dithmenos
Zin

Shops:
D:5 *


Innate Abilities, Weirdness & Mutations

You cannot wear most types of armour.
You are very stealthy in the water. (Stealth+)
You are amphibious.
You can wear up to eight rings at the same time.
You can use your tentacles to constrict eight enemies at once.
Your skin changes colour to match your surroundings (Stealth+).
Your rubbery body absorbs attacks. (AC +1, EV +1)


Message History

f - 6 rations (gained 1)
You now have 35 gold pieces (gained 7).
An iguana comes into view.
An iguana is nearby!
The iguana hisses angrily.
A phantom comes into view.
The iguana bites you!
The phantom moves out of view.
You barely miss the iguana. Your grab misses the iguana. The iguana bites you!
You are too injured to fight recklessly!
You hit the iguana but do no damage.
The iguana is poisoned.
You grab the iguana. You constrict the iguana. The iguana bites you!
* * * LOW HITPOINT WARNING * * *
Unknown command.
You release your grip on the iguana.
The phantom blinks!
The phantom blinks!
There is a stone staircase leading up here.
A red film seems to cover your vision as you go berserk!
You feel yourself moving faster!
You feel mighty! The iguana bites you!
You die...

##.###.##...##.# #.# ...
#......##.# #.# #.###.##...##.#
#.# #.....##...##.####.#
###.####......†....###### ##
.###.# #...##.##........## ..
.....####...##.##.#####...#.#
.........(..#...#.####......###
.#..........#...@l...§...........
###.######.#...#.###......######
. #.# ##...#####.# #.#...## .
#.###.....####.# #.##.## .
##.##...∩....#... ..##.#
.##...#.........#.######.#
..#...##.......###. #.#
#........#_#.....## .#
........##⌠##..#.#


You could see an iguana.

Vanquished Creatures
  A scorpion (D:4)
  A gnoll (D:3)
  3 adders
  A leopard gecko (D:3)
  An orc (D:3)
  2 bats (D:2)
  6 goblins
  3 jackals (D:5)
  A ball python (D:2)
  A frilled lizard (D:3)
  2 kobolds
  2 rats
24 creatures vanquished.

Vanquished Creatures (collateral kills)
  A gnoll (D:3)
  An adder (D:3)
  2 orcs (D:3)
  A rat (D:3)
5 creatures vanquished.

Vanquished Creatures (others)
  2 gnolls (D:3)
2 creatures vanquished.

Grand Total: 31 creatures vanquished

Notes
Turn   | Place    | Note
-------+----------+-------------------------------------------
     0 | D:1      | Maedhros the Octopode Artificer began the quest for the
                  | Orb.
     0 | D:1      | Reached XP level 1. HP: 13/13 MP: 3/3
   314 | D:1      | Reached skill level 2 in Stealth
   349 | D:1      | You fall into a shaft and drop 1 floor!
   350 | D:2      | Found a shadowy altar of Dithmenos.
   356 | D:2      | Reached XP level 2. HP: 18/18 MP: 4/4
   361 | D:2      | Reached skill level 3 in Stealth
   460 | D:3      | Reached skill level 4 in Stealth
   473 | D:3      | Reached XP level 3. HP: 22/23 MP: 5/5
   474 | D:3      | Reached skill level 1 in Unarmed Combat
   480 | D:3      | Reached XP level 4. HP: 7/28 MP: 6/6
   855 | D:4      | Reached XP level 5. HP: 24/33 MP: 7/7
   860 | D:5      | Entered Level 5 of the Dungeon
   861 | D:5      | Found Zin's Purification Station.
   866 | D:5      | Found a glowing silver altar of Zin.
   933 | D:5      | Noticed a phantom
   935 | D:5      | HP: 1/33 [iguana (9)]
   945 | D:5      | Mangled by an iguana

Levels and vault maps discovered:
D:1:      dpeg_arrival_round_a, layout_basic
D:2:      layout_loops_ring, nicolae_dithmenos_through_a_glass_darkly,
          chequers_ecumenical_altar_grove, uniq_sigmund, uniq_terence
D:3:      layout_rooms, hangedman_decor_push, kennysheep_generic_room_10
D:4:      layout_basic, minitemple, first_ration
D:5:      layout_loops_ring, zin_purify, cheibrodos_worm_habitat,
          uniq_crazy_yiuf_cottage

Skill      XL: |  1  2  3  4 |
---------------+-------------+-----
Stealth        | 2 4 |  4.0
Unarmed Combat | 2 3 |  3.8
Fighting       | |  1.0
Short Blades   | |  1.0
Dodging        | |  2.0
Evocations     | |  3.2

Action                   |  1- 3 |  4- 6 || total
-------------------------+-------+-------++-------
Melee: Dagger            |    22 |    23 ||    45
       Short sword       |     3 |       ||     3
       Constrict         |     8 |     7 ||    15
       Tentacles         |     2 |     5 ||     7
       Punch             |       |     1 ||     1
Evoke: Wand              |     3 |       ||     3
  Use: Potion            |     1 |     1 ||     2
 Stab: Sleeping          |     4 |     3 ||     7
       Betrayed ally     |     1 |       ||     1
Armor: Skin              |     3 |     1 ||     4
Dodge: Dodged            |    13 |    15 ||    28

Table legend:
 A = Non-vault XP
 B = Vault XP
 C = Vault XP percentage of total XP
 D = Non-vault monster count
 E = Vault monster count
 F = Vault count percentage of total count
                 A         B        C        D         E       F
            +---------+---------+-------+---------+---------+-------
      Total |     190 |       2 |   1.0 |      28 |       1 |   3.4
            +---------+---------+-------+---------+---------+-------
        D:1 |       5 |       0 |   0.0 |       3 |       0 |   0.0
        D:2 |      11 |       0 |   0.0 |       7 |       0 |   0.0
        D:3 |      89 |       2 |   2.2 |      13 |       1 |   7.1
        D:4 |      66 |       0 |   0.0 |       1 |       0 |   0.0
        D:5 |      19 |       0 |   0.0 |       4 |       0 |   0.0
            +---------+---------+-------+---------+---------+-------
